 Dungeon Crawl Stone Soup version 0.22-a0-322-g60b3cfd (webtiles) character file.

46785 Kairos the Basher (level 14, -6/122 HPs)
             Began as a Human Fighter on Apr 5, 2018.
             Was the Champion of Okawaru.
             Mangled by a water elemental (12 damage)
             ... on level 1 of the Shoals.
             The game lasted 01:01:38 (19360 turns).

Kairos the Basher (Human Fighter)                  Turns: 19360, Time: 01:01:39

Health: -6/122     AC: 19    Str: 17    XL:     14   Next: 78%
Magic:  9/16       EV: 14    Int:  9    God:    Okawaru [******]
Gold:   181        SH: 14    Dex: 15    Spells: 13/13 levels left

rFire    + . .     SeeInvis .   K - +3 eveningstar (drain)
rCold    . . .     Gourm    .   G - +0 shield {rN+}
rNeg     + . .     Faith    +   L - +1 chain mail {rF+}
rPois    +         Spirit   .   (helmet restricted)
rElec    .         Reflect  .   (no cloak)
rCorr    .         Harm     .   (no gloves)
MR       +....                  N - +1 pair of boots {run}
Stlth    +.........             y - amulet of faith
HPRegen  0.30/turn              H - +3 ring of protection
MPRegen  0.15/turn              F - ring of poison resistance

@: heroism, finesse, engulfed (cannot breathe), mesmerised, quick
A: antennae 1, clumsy 1, robust 1
a: Heroism, Finesse, Renounce Religion


You were on level 1 of the Shoals.
You worshipped Okawaru.
Okawaru was exalted by your worship.
You were not hungry.

You visited 3 branches of the dungeon, and saw 16 of its levels.
You also visited: Volcano.

You collected 999 gold pieces.
You spent 818 gold pieces at shops.

Inventory:

Hand Weapons
 K - a +3 eveningstar of draining (weapon)
Armour
 G - a +0 shield of positive energy (worn)
 L - a +1 chain mail of fire resistance (worn)
 N - a +1 pair of boots of running (worn)
Jewellery
 o - an uncursed ring of positive energy
 y - an amulet of faith (around neck)
 E - an uncursed ring of flight
 F - a ring of poison resistance (right hand)
 H - a +3 ring of protection (left hand)
Wands
 l - a wand of iceblast (37)
 r - a wand of acid (40)
 w - a wand of digging (34)
 I - a wand of polymorph (13)
Scrolls
 a - a scroll of identify
 g - 3 scrolls of fog
 m - 3 scrolls of magic mapping
 n - 8 scrolls of teleportation
 s - 4 scrolls of remove curse
 t - a scroll of amnesia
 P - 2 scrolls of fear
Potions
 b - a potion of flight {unknown}
 d - 4 potions of might
 h - a potion of magic
 i - a potion of ambrosia
 j - 8 potions of heal wounds
 k - 2 potions of agility
 q - 4 potions of curing
 u - a potion of haste
 x - a potion of lignification
 z - a potion of brilliance
 B - 4 potions of berserk rage
 M - a potion of resistance
Miscellaneous
 O - a lightning rod (4/4)
Comestibles
 f - 39 rations


   Skills:
 + Level 10.8(15.8) Fighting
   Level 10.4(17.8) Axes
 + Level 12.4(18.7) Maces & Flails
   Level 1.1(11.7) Polearms
 + Level 8.7(13.7) Armour
 + Level 7.1(12.1) Dodging
 + Level 4.0(9.0) Stealth
 + Level 10.5(15.5) Shields
 + Level 2.8 Invocations
 + Level 3.2 Evocations


You had 13 spell levels left.
You didn't know any spells.

Dungeon Overview and Level Annotations

Branches:
Dungeon (9/15)             Temple (0/1) D:5            Lair (6/6) D:8
 Shoals (1/4) Lair:2       Spider (0/4) Lair:3        Slime (0/5) Lair:6
    Orc: D:9-12

Altars:
Okawaru
Ru
Sif Muna
Wu Jian

Shops:
D:5 =   D:6 :?%

Annotations:
D:4 Amnesiac's ghost, amateur SpEE


Innate Abilities, Weirdness & Mutations

You have a pair of small antennae on your head.
You are clumsy. (Dex -2)
You are robust. (+10% HP)


Message History

The merfolk completely misses you.
The merfolk siren chants its luring song.
You can now deal lightning-fast blows.
* * * LOW HITPOINT WARNING * * *
Your lungs strain for air!
You block the water elemental's attack.
The merfolk siren chants a haunting song.
You easily resist.
You block the merfolk's attack. The merfolk closely misses you.
The merfolk siren chants its luring song.
Your chain mail prevents you from hitting the merfolk.
The merfolk is moderately wounded.
* * * LOW HITPOINT WARNING * * *
Your lungs strain for air!
You impale the merfolk!!
The merfolk is severely wounded.
* * * LOW HITPOINT WARNING * * *
Your lungs strain for air!
The water elemental hits you!
You die...

≈≈≈≈≈≈≈≈≈≈≈≈≈≈≈
≈....≈≈≈≈≈≈≈≈≈≈
.........≈≈≈≈≈≈≈
......≈.≈≈≈≈≈≈≈≈≈
....≈.≈..≈≈≈≈≈≈≈≈
#........≈≈≈≈≈≈≈
#....Em..≈≈≈≈≈≈
#....@....≈≈≈≈≈
##.........≈≈≈≈
#...[.mC..≈≈≈≈
##.........≈≈≈ ..
#....##mm≈##. ≈...
#...## #.#≈#
≈≈..≈≈≈≈..###...#
...#
≈≈≈..≈≈≈≈.....≈..#
..#
≈≈≈≈..≈≈......≈.≈##
#


You could see 2 merfolk, a cyclops, a water elemental and 2 merfolk sirens.

Vanquished Creatures
  Rupert (Lair:6)
  Snorg (Lair:3)
  3 hydras (Lair:4)
  Erica (D:8)
  3 catoblepae (Lair:6)
  A two-headed ogre (D:8)
  The ghost of xccam the Fighter, a novice GnWn of Cheibriados (D:8)
  12 death yaks
  A fire crab (Lair:4)
  3 manticores
  A merfolk siren (Shoals:1)
  5 black mambas
  15 elephants
  A torpor snail (Lair:6)
  A gargoyle (Volcano)
  5 spiny frogs
  A rime drake (Lair:6)
  An efreet (Volcano)
  3 komodo dragons
  A merfolk (Shoals:1)
  2 polar bears
  A queen bee (Lair:3)
  4 hornets
  A slime creature (Lair:6)
  4 hippogriffs
  A redback (Lair:3)
  Sigmund (D:3)
  33 yaks
  12 spriggans (Lair:4)
  3 wyverns
  3 basilisks
  2 fire elementals (Volcano)
  A hungry ghost (D:7)
  8 water moccasins
  6 porcupines
  An ice beast (D:5)
  2 orc warriors
  3 sky beasts
  A necrophage (D:6)
  2 black bears
  3 boggarts (Lair:4)
  4 ogres
  13 crocodiles
  3 centaurs
  2 big kobolds
  13 bullfrogs
  Blork the orc (D:5)
  29 killer bees
  7 wights
  An electric eel (Lair:6)
  4 crimson imps
  8 howler monkeys
  A centaur zombie (D:7)
  3 hounds
  7 orc wizards
  4 jellies
  A centaur skeleton (D:4)
  3 orc priests
  A bullfrog skeleton (D:8)
  2 iguanas
  A worker ant (D:7)
  A killer bee zombie (D:5)
  A hound zombie (D:6)
  A hound skeleton (D:6)
  3 gnolls (D:2)
  A river rat (D:5)
  15 adders
  2 shadow imps
  A worm (D:2)
  2 dart slugs (D:1)
  15 leopard geckos
  18 orcs
  A ball python (D:2)
  6 giant cockroaches
  12 goblins
  8 hobgoblins
  6 jackals
  14 kobolds
  5 quokkas
  11 bats
  8 frilled lizards
  2 giant cockroach zombies (D:5)
  11 rats
  A plant (Lair:6)
408 creatures vanquished.

Vanquished Creatures (others)
  11 fungi
  26 plants
37 creatures vanquished.

Grand Total: 445 creatures vanquished

Notes
Turn   | Place    | Note
-------+----------+-------------------------------------------
     0 | D:1      | Kairos the Human Fighter began the quest for the Orb.
     0 | D:1      | Reached XP level 1. HP: 18/18 MP: 1/1
    93 | D:1      | Reached XP level 2. HP: 18/24 MP: 2/2
   212 | D:1      | Reached XP level 3. HP: 22/29 MP: 3/3
   676 | D:2      | Reached XP level 4. HP: 28/35 MP: 4/4
  1047 | D:2      | Reached XP level 5. HP: 22/41 MP: 5/5
  1048 | D:2      | Reached skill level 1 in Dodging
  1452 | D:2      | Found an iron altar of Okawaru.
  1554 | D:2      | Became a worshipper of Warmaster Okawaru
  1689 | D:3      | Reached skill level 1 in Stealth
  1764 | D:3      | Noticed Sigmund
  1776 | D:3      | Killed Sigmund
  1776 | D:3      | Reached * piety under Okawaru
  1776 | D:3      | Reached XP level 6. HP: 46/48 MP: 6/6
  2122 | D:4      | Reached XP level 7. HP: 26/54 MP: 7/7
  2267 | D:4      | Noticed Amnesiac's ghost (amateur SpEE)
  2331 | D:4      | You fall through a shaft!
  2331 | D:5      | Entered Level 5 of the Dungeon
  2487 | D:5      | Found a staircase to the Ecumenical Temple.
  2523 | D:5      | Found a sacrificial altar of Ru.
  2566 | D:5      | Reached skill level 5 in Axes
  2584 | D:5      | Noticed Blork the orc
  2586 | D:5      | Killed Blork the orc
  2605 | D:5      | Found Faec Ceu's Jewellery Shop.
  2695 | D:5      | Found a deep blue altar of Sif Muna.
  2746 | D:5      | Reached XP level 8. HP: 49/61 MP: 8/8
  3105 | D:5      | Reached ** piety under Okawaru
  3286 | D:6      | Found Ucwufiaf's Book Shoppe.
  3298 | D:6      | Reached skill level 1 in Evocations
  3301 | D:6      | Reached skill level 5 in Shields
  3890 | D:6      | Reached XP level 9. HP: 54/65 MP: 10/10
  3904 | D:6      | Reached skill level 5 in Fighting
  4079 | D:6      | Found an ornate altar of the Wu Jian Council.
  4249 | D:6      | Reached *** piety under Okawaru
  4253 | D:6      | Found Ytwuph's Food Boutique.
  4287 | D:6      | Found Unnol's Magic Scroll Boutique.
  4292 | D:6      | Bought a scroll of magic mapping for 38 gold pieces
  5098 | D:7      | Reached **** piety under Okawaru
  5261 | D:8      | Noticed xccam's ghost (novice GnWn)
  5534 | D:8      | Noticed a two-headed ogre
  6005 | D:7      | Reached XP level 10. HP: 73/74 MP: 11/11
  6149 | D:8      | Noticed Erica
  6173 | D:8      | Killed Erica
  6853 | D:8      | Killed xccam's ghost
  6853 | D:8      | Reached skill level 1 in Invocations
  7141 | D:8      | Reached skill level 5 in Dodging
  7276 | D:8      | Reached ***** piety under Okawaru
  7379 | D:8      | Found a staircase to the Lair.
  7431 | D:8      | Noticed a two-headed ogre
  7440 | D:8      | Killed a two-headed ogre
  7440 | D:8      | Reached XP level 11. HP: 70/84 MP: 12/12
  7717 | D:5      | Bought an uncursed ring of poison resistance for 260 gold pieces
  7775 | D:9      | Reached skill level 10 in Axes
  7816 | D:9      | Noticed a brown ugly thing
  7894 | Lair:1   | Entered Level 1 of the Lair of Beasts
  9506 | Lair:1   | Reached skill level 1 in Polearms
  9733 | Lair:2   | Noticed a manticore
  9749 | Lair:2   | Killed a manticore
  9749 | Lair:2   | Reached skill level 5 in Armour
  9781 | Lair:2   | Received a gift from Okawaru
  9786 | Lair:2   | Noticed a wolf spider
 10190 | Lair:2   | Found a dark tunnel.
 10200 | Volcano  | Entered a volcano
 10328 | Volcano  | Reached skill level 1 in Maces & Flails
 10586 | Lair:2   | Identified a +0 pair of boots of running (You found it in a volcano)
 10717 | Lair:2   | Reached skill level 2 in Maces & Flails
 10726 | Lair:2   | Reached skill level 3 in Maces & Flails
 10763 | Lair:2   | Found a staircase to the Shoals.
 11371 | Lair:2   | Reached skill level 4 in Maces & Flails
 11371 | Lair:2   | Reached XP level 12. HP: 64/92 MP: 14/14
 11425 | Lair:2   | Gained mutation: You are robust. (+10% HP) [potion of mutation]
 11425 | Lair:2   | Gained mutation: You are clumsy. (Dex -2) [potion of mutation]
 11425 | Lair:2   | Gained mutation: You have a pair of small antennae on your head. [potion of mutation]
 11524 | Lair:3   | Found a hole to the Spider Nest.
 11652 | Lair:3   | Reached skill level 5 in Maces & Flails
 12085 | Lair:3   | Noticed Snorg
 12096 | Lair:3   | Killed Snorg
 12096 | Lair:3   | Received a gift from Okawaru
 12219 | Lair:3   | Reached skill level 6 in Maces & Flails
 13201 | Lair:4   | Noticed a five-headed hydra
 13214 | Lair:4   | Killed a five-headed hydra
 13214 | Lair:4   | Reached skill level 7 in Maces & Flails
 13816 | Lair:4   | Reached skill level 8 in Maces & Flails
 13816 | Lair:4   | Reached XP level 13. HP: 62/111 MP: 15/15
 14260 | Lair:4   | Reached ****** piety under Okawaru
 14273 | Lair:4   | Reached skill level 9 in Maces & Flails
 14299 | Lair:4   | Received a gift from Okawaru
 14323 | Lair:4   | Noticed an eight-headed hydra
 14342 | Lair:4   | Killed an eight-headed hydra
 14866 | Lair:4   | Noticed a five-headed hydra
 14875 | Lair:4   | Killed a five-headed hydra
 15071 | Lair:5   | Reached skill level 10 in Shields
 15094 | Lair:5   | Reached skill level 10 in Maces & Flails
 15595 | D:5      | Bought an uncursed amulet of faith for 520 gold pieces
 16237 | Lair:6   | Entered Level 6 of the Lair of Beasts
 16274 | Lair:6   | Received a gift from Okawaru
 16433 | Lair:6   | Reached XP level 14. HP: 35/119 MP: 5/16
 16785 | Lair:6   | Noticed Rupert
 16808 | Lair:6   | Killed Rupert
 16808 | Lair:6   | Reached skill level 10 in Fighting
 16808 | Lair:6   | Reached skill level 11 in Maces & Flails
 17102 | Lair:6   | Found a staircase to the Slime Pits.
 17378 | Lair:6   | Received a gift from Okawaru
 18045 | Lair:6   | Reached skill level 12 in Maces & Flails
 18210 | Lair:6   | Received a gift from Okawaru
 18568 | Lair:6   | Got an iridescent dire flail {god gift}
 19248 | Shoals:1 | Entered Level 1 of the Shoals
 19360 | Shoals:1 | HP: 6/122 [drowned by a water elemental (3)]
 19360 | Shoals:1 | Mangled by a water elemental

Vault maps used:
D:1:      evilmike_arrival_crescent, minmay_misc_feat_cross
D:2:      marbit_many_paths
D:3:      first_ration, uniq_sigmund
D:4:      dancing_weapons_uskayaw, nicolae_overflow_hidden_temple,
          nicolae_overflow_crystal_walls, serial_forest,
          infiniplex_forest_end_3, infiniplex_forest_clump_long,
          infiniplex_forest_straight_4, infiniplex_forest_fountain,
          infiniplex_forest_side_room, infiniplex_forest_clump_double,
          infiniplex_forest_clump_medium, infiniplex_forest_end_double,
          infiniplex_forest_straight_1, serial_shops, nicolae_shop_trees,
          kennysheep_dice, uniq_grinder
D:5:      lemuel_crystal_altar, overflow_temple_1_default,
          minmay_temple_entry_nine_rooms, serial_shops, shop,
          gup_sewer_entry_bowl, uniq_blork_the_orc
D:6:      old_standard_altar, serial_shops, kennysheep_little_box, shop,
          nicolae_shop_window_shopping
D:7:      grunt_ogre_cave
D:8:      lair_entry_dummy, uniq_erica
D:9:      kennysheep_mini_moat, uniq_maurice
Lair:1:   dpeg_stationary_puzzle
Lair:2:   minmay_lair_venomous_thicket, minmay_shoals_entry_beasts,
          nicolae_volcano_entry_lava_flow
Lair:3:   spider_nest_entry_webs, lemuel_fruit_tree, uniq_snorg
Lair:4:   kb_forest_paths, beast_lair_carwin_7
Lair:6:   evilmike_catoblepas_cave, minmay_slime_entry_pillars,
          grunt_megastairs_3, infiniplex_staircase_pool, uniq_rupert
Shoals:1: hangedman_shoals_cup_caves
Volcano:  volcano_overflow

Skill      XL: |  1  2  3  4  5  6  7  8  9 10 11 12 13 14 |
---------------+-------------------------------------------+-----
Axes           | 3 4 5 7 9 10 | 10.4
Dodging        | 1 2 3 5 6 7 |  7.1
Stealth        | 1 2 4 |  4.0
Fighting       | 4 6 7 8 9 10 | 10.8
Shields        | 4 5 6 7 8 9 10 | 10.5
Evocations     | 1 2 3 |  3.2
Armour         | 4 5 6 7 8 |  8.7
Invocations    | 1 2 |  2.8
Polearms       | 1 |  1.1
Maces & Flails | 4 8 10 12 | 12.4

Action                   |  1- 3 |  4- 6 |  7- 9 | 10-12 | 13-15 || total
-------------------------+-------+-------+-------+-------+-------++-------
Melee: War axe           |    79 |   189 |   245 |   196 |       ||   709
       Eveningstar       |       |       |       |   323 |   571 ||   894
       Trident           |       |       |       |    15 |       ||    15
Invok: Heroism           |       |       |     4 |    10 |    17 ||    31
       Finesse           |       |       |       |       |     4 ||     4
 Abil: Evoke Berserk Rag |       |     1 |     2 |     2 |     1 ||     6
Evoke: Wand              |       |     1 |     8 |    13 |     4 ||    26
  Use: Scroll            |       |     1 |     9 |    14 |     3 ||    27
       Potion            |       |       |       |     3 |     1 ||     4
 Stab: Sleeping          |       |     1 |     1 |     1 |       ||     3
       Distracted        |       |       |       |     1 |       ||     1
  Eat: Chunk             |       |     5 |    13 |    12 |    12 ||    42
       Ration            |       |       |     1 |     5 |     2 ||     8
Armor: Scale mail        |    37 |    18 |       |       |       ||    55
       Leather armour    |       |    80 |    66 |    39 |       ||   185
       Chain mail        |       |       |       |   171 |   154 ||   325
Dodge: Dodged            |    22 |    94 |   109 |   257 |    99 ||   581
Block: Shield            |    41 |   118 |   144 |   400 |   236 ||   939

Table legend:
 A = Spawn XP
 B = Non-spawn XP
 C = Spawn XP percentage of total XP
 D = Spawn monster count
 E = Non-spawn monster count
 F = Spawn count percentage of total count
 G = Total turns spent on level
                    A         B        C        D         E        F      G
               +---------+---------+-------+---------+---------+-------+---------
         Total |       0 |   66836 |   0.0 |       0 |     407 |   0.0 | 19360
               +---------+---------+-------+---------+---------+-------+---------
           D:1 |       0 |      57 |   0.0 |       0 |      32 |   0.0 |   607
           D:2 |       0 |     162 |   0.0 |       0 |      38 |   0.0 |   972
           D:3 |       0 |     255 |   0.0 |       0 |      18 |   0.0 |   471
           D:4 |       0 |     149 |   0.0 |       0 |       4 |   0.0 |   281
           D:5 |       0 |     652 |   0.0 |       0 |      23 |   0.0 |  1437
           D:6 |       0 |    1100 |   0.0 |       0 |      27 |   0.0 |   683
           D:7 |       0 |    1754 |   0.0 |       0 |      31 |   0.0 |  2139
           D:8 |       0 |    3925 |   0.0 |       0 |      33 |   0.0 |  1984
           D:9 |       0 |     233 |   0.0 |       0 |       3 |   0.0 |    78
        Lair:1 |       0 |    1811 |   0.0 |       0 |       7 |   0.0 |  1897
        Lair:2 |       0 |    5259 |   0.0 |       0 |      29 |   0.0 |  1415
        Lair:3 |       0 |    4684 |   0.0 |       0 |      34 |   0.0 |  1479
        Lair:4 |       0 |   15721 |   0.0 |       0 |      50 |   0.0 |  2054
        Lair:5 |       0 |    4416 |   0.0 |       0 |      15 |   0.0 |   779
        Lair:6 |       0 |   24666 |   0.0 |       0 |      57 |   0.0 |  2774
      Shoals:1 |       0 |     795 |   0.0 |       0 |       2 |   0.0 |   112
       Volcano |       0 |    1197 |   0.0 |       0 |       4 |   0.0 |   198
               +---------+---------+-------+---------+---------+-------+---------
